MLB
OAKLAND ATHLETICS @ KANSAS CITY ROYALS
04/13/2045
 
TOP OF THE 1ST
Oakland Athletics batting - Pitching for Kansas City Royals : LHP John Hall
Pitching: LHP John Hall
Batting: RHB Philip Jansen 0-0: Ball
1-0: Swinging Strike
1-1: Ground out 5-3 (Groundball, 56, EV 105.6 MPH)
Batting: SHB Ryan Langlois 0-0: Swinging Strike
0-1: Swinging Strike
0-2: Foul Ball, location: 2F
0-2: Ball
1-2: Foul Ball, location: 2F
1-2: Strikes out swinging
Batting: SHB Mark Rennie 0-0: Ball
1-0: Fly out, F3 (Popup, 3D, EV 58.8 MPH)
Top of the 1st over - 0 runs, 0 hits, 0 errors, 0 left on base; Oakland 0 - Kansas City 0
BOTTOM OF THE 1ST
Kansas City Royals batting - Pitching for Oakland Athletics : RHP Chad Pfeiffer
Pitching: RHP Chad Pfeiffer
Batting: RHB Mike Jaquez 0-0: Foul Ball, location: 2F
0-1: Foul Ball, location: 2F
0-2: Strikes out swinging
Batting: RHB Imbart Faber 0-0: Ball
1-0: Ball
2-0: Ball
3-0: Called Strike
3-1: SINGLE (Line Drive, 34D, EV 96.9 MPH)
Batting: LHB Mike Meyerhoff 0-0: Grounds into double play, 3-6-3 (Groundball, 3, EV 91.2 MPH)
Bottom of the 1st over - 0 runs, 1 hit, 0 errors, 0 left on base; Oakland 0 - Kansas City 0
TOP OF THE 2ND
Oakland Athletics batting - Pitching for Kansas City Royals : LHP John Hall
Batting: RHB Muneo Kawachi 0-0: Ball
1-0: Foul Ball, location: 2F
1-1: Fly out, F7 (Flyball, 7, EV 76.9 MPH)
Batting: LHB Sakae Kasahara 0-0: Called Strike
0-1: Ground out 1-3 (Groundball, 15S, EV 68.1 MPH)
Batting: RHB Sébastien Piat 0-0: Ground out 5-3 (Groundball, 56, EV 85.0 MPH)
Top of the 2nd over - 0 runs, 0 hits, 0 errors, 0 left on base; Oakland 0 - Kansas City 0
BOTTOM OF THE 2ND
Kansas City Royals batting - Pitching for Oakland Athletics : RHP Chad Pfeiffer
Batting: SHB Tony Prado 0-0: Ball
1-0: Called Strike
1-1: Ball
2-1: Ball
3-1: Base on Balls
Batting: SHB Gil Switzer 0-0: Ball
1-0: Ball
2-0: Swinging Strike
2-1: SINGLE (Line Drive, 34, EV 98.1 MPH)
Tony Prado to second
Batting: RHB Aaron Matthews 0-0: Ball
1-0: Bunted foul
1-1: Ball
2-1: Ball
3-1: Sac Bunt to 13S - play at first, batter OUT! 1-4
Tony Prado to third
Gil Switzer to second
Batting: SHB Gareth Busby 0-0: Ball
1-0: Ball
2-0: Foul Ball, location: 2F
2-1: Foul Ball, location: 2F
2-2: Foul Ball, location: 2F
2-2: Foul Ball, location: 2F
2-2: Fly out, F4 (Popup, 34S, EV 70.6 MPH)
Batting: RHB Bob Najar 0-0: Ball
1-0: Ball
2-0: Ball
3-0: SINGLE (Line Drive, 5D, EV 103.1 MPH)
Tony Prado scores
Gil Switzer to third
Runner from 3rd tries for Home, SAFE, throw by LF to home
Batting: RHB Victor Moya 0-0: Ball
1-0: Ball
2-0: Called Strike
2-1: SINGLE (Line Drive, 6D, EV 103.1 MPH)
Bob Najar to second
Runner from 2nd tries for 3rd, SAFE, throw by LF made to third
Batting: RHB Mike Jaquez 0-0: Ball
1-0: Ball
2-0: Ball
3-0: Ground out 6-3 (Groundball, 56, EV 100.6 MPH)
Bottom of the 2nd over - 2 runs, 3 hits, 0 errors, 2 left on base; Oakland 0 - Kansas City 2
TOP OF THE 3RD
Oakland Athletics batting - Pitching for Kansas City Royals : LHP John Hall
Batting: LHB Nate Dean 0-0: Ground out 6-3 (Groundball, 6, EV 108.1 MPH)
Batting: RHB Danny Murillo 0-0: Called Strike
0-1: Swinging Strike
0-2: Ball
1-2: Foul Ball, location: 2F
1-2: Ball
2-2: Ball
3-2: Base on Balls
Batting: RHB Ben Zeiler 0-0: Hit by Pitch
Danny Murillo to second
Batting: RHB Philip Jansen 0-0: Called Strike
0-1: Ball
1-1: Fly out, F7 (Flyball, 7LS, EV 91.9 MPH)
Batting: SHB Ryan Langlois 0-0: Ball
1-0: Ball
2-0: Ball
3-0: Base on Balls
Danny Murillo to third
Ben Zeiler to second
Batting: SHB Mark Rennie 0-0: Ball
1-0: Fielders Choice at 2nd, 5-4 (Groundball, 56, EV 91.2 MPH)
Top of the 3rd over - 0 runs, 0 hits, 0 errors, 3 left on base; Oakland 0 - Kansas City 2
BOTTOM OF THE 3RD
Kansas City Royals batting - Pitching for Oakland Athletics : RHP Chad Pfeiffer
Batting: RHB Imbart Faber 0-0: Ball
1-0: Called Strike
1-1: Ground out 4-3 (Groundball, 4, EV 105.0 MPH)
Batting: LHB Mike Meyerhoff 0-0: Ball
1-0: Ball
2-0: Swinging Strike
2-1: Foul Ball, location: 2F
2-2: Ball
3-2: SINGLE (Line Drive, 8LS, EV 103.8 MPH)
Batting: SHB Tony Prado 0-0: Ball
1-0: Called Strike
1-1: Fly out, F9 (Flyball, 9LM, EV 84.4 MPH)
Batting: SHB Gil Switzer 0-0: Called Strike
Mike Meyerhoff steals 2nd base
0-1: Ball
1-1: Foul Ball, location: 2F
1-2: Ground out 6-3 (Groundball, 6M, EV 106.2 MPH)
Bottom of the 3rd over - 0 runs, 1 hit, 0 errors, 1 left on base; Oakland 0 - Kansas City 2
TOP OF THE 4TH
Oakland Athletics batting - Pitching for Kansas City Royals : LHP John Hall
Batting: RHB Muneo Kawachi 0-0: Foul Ball, location: 2F
0-1: Swinging Strike
0-2: Ball
1-2: Strikes out swinging, 2-3 out at first.
Batting: LHB Sakae Kasahara 0-0: Called Strike
0-1: Ball
1-1: Swinging Strike
1-2: Strikes out swinging
DELAY Rain delay of 22 minutes in the 4th inning.
Batting: RHB Sébastien Piat 0-0: Swinging Strike
0-1: Ground out 6-3 (Groundball, 6S, EV 90.6 MPH)
Top of the 4th over - 0 runs, 0 hits, 0 errors, 0 left on base; Oakland 0 - Kansas City 2
BOTTOM OF THE 4TH
Kansas City Royals batting - Pitching for Oakland Athletics : RHP Chad Pfeiffer
Pitching: RHP Mitsuo Kuriyama
Batting: RHB Aaron Matthews 0-0: Called Strike
0-1: Called Strike
0-2: Ground out 1-3 (Groundball, 15S, EV 66.9 MPH)
Batting: SHB Gareth Busby 0-0: Called Strike
0-1: Swinging Strike
0-2: Foul Ball, location: 2F
0-2: Foul Ball, location: 2F
0-2: Foul Ball, location: 2F
0-2: Ball
1-2: Ground out 6-3 (Groundball, 6, EV 78.8 MPH)
Batting: RHB Bob Najar 0-0: Ball
1-0: Foul Ball, location: 2F
1-1: Swinging Strike
1-2: Strikes out looking
Bottom of the 4th over - 0 runs, 0 hits, 0 errors, 0 left on base; Oakland 0 - Kansas City 2
TOP OF THE 5TH
Oakland Athletics batting - Pitching for Kansas City Royals : LHP John Hall
Batting: LHB Nate Dean 0-0: Called Strike
0-1: Ball
1-1: Ground out U3 (Groundball, 3, EV 106.9 MPH)
Batting: RHB Danny Murillo 0-0: Called Strike
0-1: Fly out, F3 (Popup, 34, EV 72.5 MPH)
Batting: RHB Ben Zeiler 0-0: Swinging Strike
0-1: Ball
1-1: Ball
2-1: Foul Ball, location: 2F
2-2: Strikes out looking
Top of the 5th over - 0 runs, 0 hits, 0 errors, 0 left on base; Oakland 0 - Kansas City 2
BOTTOM OF THE 5TH
Kansas City Royals batting - Pitching for Oakland Athletics : RHP Mitsuo Kuriyama
Batting: RHB Victor Moya 0-0: Called Strike
0-1: Ball
1-1: Swinging Strike
1-2: Strikes out swinging
Batting: RHB Mike Jaquez 0-0: Called Strike
0-1: Ball
1-1: Fly out, F9 (Flyball, 9LS, EV 90.0 MPH)
Pitching: LHP Neal Chauveau
Batting: RHB Imbart Faber 0-0: SINGLE (Groundball, 56, EV 105.6 MPH) (infield hit)
Batting: LHB Mike Meyerhoff 0-0: Called Strike
Imbart Faber is caught stealing 2nd base 2-6
Bottom of the 5th over - 0 runs, 1 hit, 0 errors, 0 left on base; Oakland 0 - Kansas City 2
TOP OF THE 6TH
Oakland Athletics batting - Pitching for Kansas City Royals : LHP John Hall
Batting: RHB Philip Jansen 0-0: Called Strike
0-1: Ball
1-1: Ball
2-1: Ball
3-1: Foul Ball, location: 2F
3-2: Base on Balls
Batting: SHB Ryan Langlois 0-0: Foul Ball, location: 2F
0-1: Fly out, F7 (Flyball, 7S, EV 88.1 MPH)
Batting: SHB Mark Rennie 0-0: Ball
Philip Jansen is caught stealing 2nd base 2-4
1-0: Ball
2-0: Fly out, F7 (Line Drive, 7, EV 93.8 MPH)
Top of the 6th over - 0 runs, 0 hits, 0 errors, 0 left on base; Oakland 0 - Kansas City 2
BOTTOM OF THE 6TH
Kansas City Royals batting - Pitching for Oakland Athletics : LHP Neal Chauveau
Batting: LHB Mike Meyerhoff 0-0: Called Strike
0-1: Foul Ball, location: 2F
0-2: Ball
1-2: Ball
2-2: Fly out, F6 (Popup, 56D, EV 45.6 MPH)
Batting: SHB Tony Prado 0-0: Ball
1-0: Ball
2-0: Ball
3-0: Called Strike
3-1: Ground out 6-3 (Groundball, 56, EV 99.4 MPH)
Batting: SHB Gil Switzer 0-0: Ball
1-0: Foul Ball, location: 2F
1-1: Swinging Strike
1-2: Ground out 1-3 (Groundball, 15S, EV 66.2 MPH)
Bottom of the 6th over - 0 runs, 0 hits, 0 errors, 0 left on base; Oakland 0 - Kansas City 2
TOP OF THE 7TH
Oakland Athletics batting - Pitching for Kansas City Royals : LHP John Hall
Batting: RHB Muneo Kawachi 0-0: Ground out 6-3 (Groundball, 6MD, EV 106.2 MPH)
Batting: LHB Sakae Kasahara 0-0: Ball
1-0: Ball
2-0: SOLO HOME RUN (Flyball, 89XD, EV 99.4 MPH), Distance : 395 ft
Batting: RHB Sébastien Piat 0-0: Swinging Strike
0-1: Ball
1-1: Foul Ball, location: 2F
1-2: Ball
2-2: Ball
3-2: Base on Balls
Batting: LHB Nate Dean 0-0: Ball
1-0: DOUBLE (Line Drive, 7LS, EV 107.5 MPH)
Sébastien Piat to third
Batting: RHB Danny Murillo 0-0: Called Strike
0-1: Ball
1-1: Ball
2-1: Ground out 4-3 (Groundball, 4, EV 82.5 MPH)
Sébastien Piat scores
Nate Dean to third
Batting: RHB Ben Zeiler 0-0: Called Strike
0-1: Foul Ball, location: 2F
0-2: Strikes out looking
Top of the 7th over - 2 runs, 2 hits, 0 errors, 1 left on base; Oakland 2 - Kansas City 2
BOTTOM OF THE 7TH
Kansas City Royals batting - Pitching for Oakland Athletics : LHP Neal Chauveau
Pitching: RHP Carlos Alaniz
Batting: RHB Aaron Matthews 0-0: Foul Ball, location: 2F
0-1: SINGLE (Line Drive, 9S, EV 106.2 MPH)
Batting: SHB Gareth Busby 0-0: Called Strike
0-1: Fly out, F8 (Flyball, 89XD, EV 90.6 MPH)
Batting: RHB Bob Najar 0-0: Called Strike
0-1: Ball
1-1: Swinging Strike
1-2: DOUBLE (Flyball, 8RXD, EV 108.1 MPH)
Aaron Matthews to third
Pinch Hitting: LHB Bill Baconneck 0-0: Called Strike
0-1: Ball
1-1: Called Strike
1-2: Foul Ball, location: 2F
1-2: Foul Ball, location: 2F
1-2: Ball
2-2: Strikes out looking
Batting: RHB Mike Jaquez 0-0: Called Strike
0-1: DOUBLE (Groundball, 5L, EV 103.1 MPH)
Aaron Matthews scores
Bob Najar scores
Batting: RHB Imbart Faber 0-0: Foul Ball, location: 2F
0-1: Ball
1-1: Ball
2-1: SINGLE (Line Drive, 9LS, EV 100.6 MPH)
Mike Jaquez to third
Runner from 3rd tries for Home, throw by RF and OUT! 9-2
Bottom of the 7th over - 2 runs, 4 hits, 0 errors, 1 left on base; Oakland 2 - Kansas City 4
TOP OF THE 8TH
Oakland Athletics batting - Pitching for Kansas City Royals : LHP John Hall
Now at 1B: Chris Eaker
Batting: RHB Philip Jansen 0-0: Called Strike
0-1: Ball
1-1: SINGLE (Line Drive, 89M, EV 105.6 MPH)
Batting: SHB Ryan Langlois 0-0: Called Strike
0-1: Ball
1-1: Swinging Strike
1-2: Strikes out looking
Batting: SHB Mark Rennie 0-0: Ball
1-0: Called Strike
1-1: SINGLE (Groundball, 56D, EV 102.5 MPH)
Philip Jansen to second
Batting: RHB Muneo Kawachi 0-0: Ball
1-0: Foul Ball, location: 2F
1-1: Ball
2-1: SINGLE (Groundball, 4MD, EV 104.4 MPH)
Philip Jansen to third
Mark Rennie to second
Runner from 3rd tries for Home, SAFE, throw by CF to home
Pitching: RHP Asa Hahn
Batting: LHB Sakae Kasahara 0-0: Ball
1-0: Foul Ball, location: 2F
1-1: Ball
2-1: Swinging Strike
2-2: Foul Ball, location: 2F
2-2: Foul Ball, location: 2F
2-2: Strikes out swinging
Batting: RHB Sébastien Piat 0-0: Ball
1-0: Ground out 4-3 (Groundball, 4, EV 102.5 MPH)
Top of the 8th over - 1 run, 3 hits, 0 errors, 2 left on base; Oakland 3 - Kansas City 4
BOTTOM OF THE 8TH
Kansas City Royals batting - Pitching for Oakland Athletics : RHP Carlos Alaniz
Pitching: RHP Kyle Ehret
Batting: LHB Mike Meyerhoff 0-0: Called Strike
0-1: Ball
1-1: Ball
2-1: Swinging Strike
2-2: Ball
3-2: SINGLE (Line Drive, 89M, EV 91.2 MPH)
Batting: SHB Tony Prado 0-0: Ball
1-0: Swinging Strike
1-1: Ball
2-1: Swinging Strike
2-2: Strikes out looking
Batting: SHB Gil Switzer 0-0: Ball
1-0: Called Strike
1-1: Ball
2-1: DOUBLE (Line Drive, 89XD, EV 106.2 MPH)
Mike Meyerhoff to third
Runner from 3rd tries for Home, SAFE, throw by RF to trailing runner, OUT at third! 9-3-5
Batting: RHB Aaron Matthews 0-0: SINGLE (Line Drive, 4MD, EV 105.0 MPH)
Batting: SHB Gareth Busby 0-0: Foul Ball, location: 2F
0-1: Foul Ball, location: 2F
0-2: Strikes out swinging
Bottom of the 8th over - 1 run, 3 hits, 0 errors, 1 left on base; Oakland 3 - Kansas City 5
TOP OF THE 9TH
Oakland Athletics batting - Pitching for Kansas City Royals : RHP Asa Hahn
Pitching: RHP Bryan Boykin
Batting: LHB Nate Dean 0-0: Ground out 5-3 (Groundball, 56, EV 96.9 MPH)
Batting: RHB Danny Murillo 0-0: Ball
1-0: Called Strike
1-1: Ground out 6-3 (Groundball, 6, EV 78.1 MPH)
Pinch Hitting: LHB Tommy King 0-0: Ball
1-0: Ball
2-0: SINGLE (Groundball, 3S, EV 70.0 MPH) (infield hit)
Batting: RHB Philip Jansen 0-0: Hit by Pitch
Tommy King to second
Batting: SHB Ryan Langlois 0-0: Ball
1-0: Reached on error, E8 (Flyball, 8RD, EV 103.8 MPH)
Tommy King scores
Philip Jansen to third
Batting: SHB Mark Rennie 0-0: Called Strike
0-1: Called Strike
0-2: Strikes out looking
Top of the 9th over - 1 run, 1 hit, 1 error, 2 left on base; Oakland 4 - Kansas City 5
Wednesday, June 22nd , 2022 - OOTP Baseball 23.4 Build 64